 Dungeon Crawl Stone Soup version 0.28-a0-1616-g050a50673c (webtiles) character file.

Game seed: 17725547670025434566

34 croobank the Firebug (level 3, -4/31 HPs)
             Began as an Ogre Fire Elementalist on Jan 23, 2022.
             Slain by a black bear (8 damage)
             ... on level 4 of the Dungeon.
             The game lasted 00:07:37 (2002 turns).

croobank the Firebug (Ogre Fire Elementalist)       Turns: 2002, Time: 00:07:38

Health: -4/31      AC:  3    Str: 12    XL:     3   Next: 31%
Magic:  3/7        EV: 10    Int: 18    God:
Gold:   59         SH:  0    Dex:  9    Spells: 4/7 levels left

rFire   + . .      SeeInvis .   e - staff of fire
rCold   . . .      Faith    .   (no shield)
rNeg    . . .      Spirit   .   a - +0 robe
rPois   .          Reflect  .   (helmet restricted)
rElec   .          Harm     .   (no cloak)
rCorr   .          Rampage  .   (gloves unavailable)
Will    .....                   (boots unavailable)
Stlth   ++........              (no amulet)
HPRegen 0.10/turn               (no ring)
MPRegen 0.10/turn               (no ring)

@: no status effects
A: large, unfitting armour, tough skin 1
a: no special abilities


You were on level 4 of the Dungeon.
You visited 1 branch of the dungeon, and saw 3 of its levels.

You collected 59 gold pieces.

Inventory:

Missiles
 f - 24 arrows
 g - 52 stones
 i - 3 javelins (quivered)
Armour
 a - a +0 robe (worn)
Magical Staves
 e - a staff of fire (weapon)
Scrolls
 b - a scroll of amnesia
 j - a scroll of identify {unknown}
Potions
 c - 4 potions of curing {unknown}
 d - a potion of attraction {unknown}


   Skills:
 + Level 2.1 Dodging
 + Level 1.8 Stealth
 + Level 2.8 Spellcasting
 + Level 1.3 Conjurations
 + Level 3.0 Fire Magic


You had 4 spell levels left.
You knew the following spells:

 Your Spells              Type           Power      Damage    Failure   Level
a - Foxfire               Conj/Fire      60%        2x1d7     7%          1
b - Scorch                Fire           40%        2d7       8%          2

Your spell library contained the following spells:

 Spells                   Type           Power      Damage    Failure   Level
 Slow                     Hex            8%         N/A       17%         1
 Conjure Flame            Conj/Fire      15%        6-21      21%         3
 Inner Flame              Hex/Fire       11%        N/A       26%         3
 Confusing Touch          Hex            2%         N/A       45%         3
 Vampiric Draining        Necr           2%         2d6       45%         3
 Flame Wave               Conj/Fire      15%        2d6       56%         4


Dungeon Overview and Level Annotations

Branches:
Dungeon (2/15)

Altars:


Innate Abilities, Weirdness & Mutations

You are too large for most types of armour.
You have tough skin. (AC +1)


Message History

Casting: Scorch (safe; 8% risk of failure)
Confirm with . or Enter, or press ? or * to list all spells.
You feel a surge of power!
Flames lash the black bear.
The black bear is lightly wounded.
The black bear's fire resistance burns away.
The black bear bites you but does no damage.
The black bear closely misses you. The black bear claws you.
Casting: Scorch (safe; 8% risk of failure)
Confirm with . or Enter, or press ? or * to list all spells.
You feel a surge of power!
Flames lash the orc but do no damage.
An orc comes into view. It is wielding a +0 flail.
The black bear bites you. The black bear claws you. x2
Casting: Scorch (safe; 8% risk of failure)
Confirm with . or Enter, or press ? or * to list all spells.
You feel a surge of power!
Flames lash the orc.
The orc is heavily wounded.
The orc's fire resistance burns away.
The orc priest invokes the aid of Beogh against you.
Beogh smites you!
* * * LOW HITPOINT WARNING * * *
The black bear bites you.
* * * LOW HITPOINT WARNING * * *
The black bear barely misses you.
The black bear claws you but does no damage.
The black bear is no longer more vulnerable to fire.
The orc priest miscasts a cantrip.
The black bear closely misses you. The black bear completely misses you.
The black bear claws you.
* * * LOW HITPOINT WARNING * * *
Press: ? - help, v - describe, . - travel A rock wall.
A hound comes into view.
Found a leather armour.
Found a stone staircase leading up.
The black bear bites you but does no damage.
The black bear claws you.
* * * LOW HITPOINT WARNING * * *
The black bear closely misses you.
There is a stone staircase leading up here.
The black bear bites you!
You die...

.. #. ### #. #....
..#. #.. #.# ##@# .#.
#.h# #... #h## ##...#
#.#####.#####...#o#
.......o.......##o#
.#..###o#####.# #o#
.......o......# #.#
####....o.o..####.##
#...#####o.o....######


You could see a black bear, a hound and 3 orcs.

Vanquished Creatures
  6 ball pythons
  3 endoplasms (D:2)
  5 goblins
  4 hobgoblins
  A quokka (D:1)
  3 bats
  3 frilled lizards
  4 kobolds (D:1)
  A rat (D:1)
30 creatures vanquished.

Vanquished Creatures (others)
  16 foxfires (D:1)
16 creatures vanquished.

Grand Total: 46 creatures vanquished

Notes
Turn   | Place    | Note
-------+----------+-------------------------------------------
     0 | D:1      | croobank the Ogre Fire Elementalist began the quest for the
                  | Orb.
     0 | D:1      | Reached XP level 1. HP: 16/16 MP: 3/3
   116 | D:1      | Reached skill level 1 in Conjurations
   164 | D:1      | Reached XP level 2. HP: 16/24 MP: 0/5
   167 | D:1      | Learned a level 2 spell: Scorch
  1310 | D:2      | Reached XP level 3. HP: 30/31 MP: 2/7
  1801 | D:2      | Reached skill level 3 in Fire Magic
  1973 | D:2      | You fall into a shaft and drop 2 floors!
  1979 | D:4      | Noticed a black bear
  1981 | D:4      | Noticed an ogre
  2002 | D:4      | Slain by a black bear

Illustrated notes

Levels and vault maps discovered:
D:1:      wander_arrival_chamber, layout_basic
D:2:      layout_basic
D:4:      layout_rooms, vehumet_statue, cheibrodos_sewer_entry_drain,
          uniq_blork_the_orc

Skill      XL: |  1  2  3 |
---------------+----------+-----
Conjurations   | 1 |  1.3
Dodging        | 2 |  2.1
Fire Magic     | 3 |  3.0
Stealth        | |  1.8
Spellcasting   | |  2.8

Action                   || total
-------------------------++-------
Melee: Unarmed           ||    23
       Staff             ||     2
Throw: Javelin           ||     3
 Cast: Foxfire           ||    11
       Scorch            ||    24
  Use: Scroll            ||     2
Armor: Robe              ||    22
Dodge: Dodged            ||    29

Table legend: (Time is in decaauts)
 A = Elapsed time spent in this place.
 B = Non-inter-level travel time spent in this place.
 C = Inter-level travel time spent in this place.
 D = Time resting spent in this place.
 E = Time spent auto-exploring this place.
 F = Levels seen in this place.
 G = Mean time per level.
                   A        B        C        D        E       F      G
               +--------+--------+--------+--------+--------+-----+--------+
         Total |   2002 |   1967 |     35 |     41 |   1625 |   3 |  667.3 |
       Dungeon |   2002 |   1967 |     35 |     41 |   1625 |   3 |  667.3 |
               +--------+--------+--------+--------+--------+-----+--------+

Top non-repeatable levels by time:
     D:1: 1209 daAuts
     D:2: 764 daAuts
     D:4: 28 daAuts
